AoeStats
← Chris

Black Forest

507851318Analyzed
4v4 RM · 12d ago on Sep 19, 2026· 55m 47s· 8 players
Game mode
Random Map
Map size
Large (8 player)
Population
200
Speed
Normal
Resources
Standard
Victory
Conquest
Starting age
Dark Age
Ending age
Imperial Age
RankedLock teamsTeams togetherTeam positionsShared explorationLock speedFull tech treeHidden civsTurbo modeCheats
Victory
Defeat
🇵🇱 Slavs · Poland
1333
+13
🇸🇪 Chinese · Sweden
1324
+13
🇺🇸 Saracens · United States
1306
+14
🇳🇱 Bengalis · Netherlands
1258
+16
🇬🇧 Ethiopians · United Kingdom
1282
-15
1278
-15
🇦🇷 Malians · Argentina
1268
-14
🇫🇮 Berbers · Finland
1214
-12
Tuvieja
8:03 Loom
13:39 Feudal Age
17:33 Castle Age
16:02 Double-Bit Axe
16:58 Town Watch
18:38 Fletching
19:17 Bow Saw
19:12 Horse Collar
20:33 Bodkin Arrow
25:07 Fishing Lines
29:21 Stone Mining
29:38 Heavy Plow
29:30 Gold Mining
30:53 Wheelbarrow
32:50 Hand Cart
36:27 Imperial Age
34:49 Scale Mail Armor
35:00 Forging
35:28 Gold Shaft Mining
35:06 Masonry
36:29 Chain Mail Armor
36:52 Stone Shaft Mining
38:15 Chemistry
37:41 Conscription
38:17 Hoardings
39:34 Guard Tower
39:09 Elite Gbeto
41:46 Ballistics
44:22 Plate Mail Armor
44:28 Iron Casting
46:21 Caravan
50:49 Padded Archer Armor
50:58 Farimba
52:34 Architecture
51:45 Treadmill Crane
52:01 Murder Holes
52:42 Keep
52:59 Scale Barding Armor
53:27 Crop Rotation
53:32 Bloodlines
53:23 Husbandry
52:45 Cavalier
53:26 Heavy Camel Rider
milesburkley
1:25 Loom
12:52 Feudal Age
13:58 Double-Bit Axe
16:09 Fletching
30:21 Castle Age
29:41 Fishing Lines
30:35 Horse Collar
33:37 Bodkin Arrow
33:43 Padded Archer Armor
33:53 Forging
34:23 Bow Saw
33:36 Elite Skirmisher
37:41 Imperial Age
36:50 Ballistics
36:42 Masonry
36:47 Fortified Wall
37:01 Leather Archer Armor
36:57 Forging
37:39 Thumb Ring
38:24 Bracer
38:15 Halberdier
39:16 Scale Mail Armor
39:13 Gillnets
40:07 Forging
41:21 Chain Mail Armor
42:37 Squires
43:43 Chemistry
43:16 Architecture
45:05 Plate Mail Armor
45:11 Iron Casting
48:34 Blast Furnace
+elko4+ -on the road to 0MMR
1:47 Loom
11:38 Feudal Age
12:53 Double-Bit Axe
18:28 Castle Age
16:28 Horse Collar
25:39 Wheelbarrow
27:00 Heavy Plow
27:15 Bow Saw
28:45 Hand Cart
28:17 Town Watch
34:55 Imperial Age
34:03 Scale Barding Armor
33:50 Fletching
34:10 Forging
35:19 Bodkin Arrow
35:37 Thumb Ring
34:56 Crossbowman
35:01 Pikeman
36:03 Chain Barding Armor
36:31 Crop Rotation
36:22 Bloodlines
36:13 Husbandry
36:33 Kamandaran
36:57 Conscription
37:15 Town Patrol
38:23 Two-Man Saw
39:33 Ballistics
40:16 Scale Mail Armor
40:53 Iron Casting
40:15 Halberdier
41:44 Chain Mail Armor
42:40 Squires
45:26 Plate Mail Armor
45:57 Blast Furnace
54:54 Plate Barding Armor
PaidatonPillastuja
1:51 Loom
12:29 Feudal Age
16:30 Castle Age
15:48 Double-Bit Axe
26:09 Fishing Lines
26:58 Gillnets
28:50 Wheelbarrow
28:40 Town Watch
31:06 Hand Cart
31:40 Bow Saw
34:46 Imperial Age
32:08 Fletching
32:46 Ballistics
32:43 Padded Archer Armor
33:06 Caravan
33:37 Town Patrol
33:53 Leather Archer Armor
33:39 Bodkin Arrow
35:59 Coinage
35:42 Maghrebi Camels
35:44 Bracer
35:55 Husbandry
36:06 Bloodlines
37:50 Ring Archer Armor
37:03 Elite Camel Archer
40:14 Chemistry
50:29 Kasbah
52:20 Scale Barding Armor
54:38 Chain Barding Armor
54:29 Forging
Sherlock_holmes
1:24 Loom
11:39 Feudal Age
13:57 Double-Bit Axe
14:23 Horse Collar
16:47 Castle Age
17:51 Bow Saw
19:39 Wheelbarrow
24:56 Town Watch
25:55 Scale Barding Armor
26:18 Gold Mining
26:45 Hand Cart
27:09 Chain Barding Armor
28:27 Forging
28:57 Gold Shaft Mining
28:54 Heavy Plow
29:46 Iron Casting
32:33 Imperial Age
30:33 Bloodlines
30:23 Husbandry
33:41 Conscription
34:26 Plate Barding Armor
33:13 Elite Battle Elephant
34:54 Blast Furnace
35:39 Caravan
39:42 Treadmill Crane
40:09 Siege Engineers
41:05 Chemistry
40:17 Fortified Wall
40:39 Masonry
40:56 Paiks
40:38 Onager
42:43 Chemistry
45:09 Town Watch
47:52 Mahayana
51:44 Fletching
Chris
1:40 Loom
11:39 Feudal Age
11:55 Man-at-Arms
12:22 Arson
14:37 Horse Collar
17:15 Fletching
17:25 Padded Archer Armor
20:57 Wheelbarrow
20:32 Forging
27:17 Castle Age
27:16 Stone Mining
27:19 Gold Mining
27:52 Double-Bit Axe
29:55 Bow Saw
31:28 Heavy Plow
32:19 Gold Shaft Mining
35:36 Scale Barding Armor
38:22 Imperial Age
36:11 Bimaristan
36:39 Iron Casting
38:19 Bloodlines
38:10 Husbandry
38:37 Chain Barding Armor
38:56 Elite Mameluke
40:02 Conscription
41:10 Plate Barding Armor
42:46 Counterweights
42:55 Caravan
42:57 Bodkin Arrow
45:46 Blast Furnace
45:57 Onager
47:13 Light Cavalry
48:49 Hoardings
49:28 Siege Onager
49:58 Hussar
51:48 Hand Cart
51:20 Town Watch
53:19 Two-Man Saw
54:36 Chemistry
53:44 Capped Ram
54:37 Siege Engineers
Zâbina
0:27 Loom
13:14 Feudal Age
13:59 Double-Bit Axe
17:53 Horse Collar
19:35 Man-at-Arms
23:26 Castle Age
21:54 Fletching
26:14 Bow Saw
26:26 Fervor
26:27 Heavy Plow
30:54 Gold Mining
31:18 Bodkin Arrow
31:43 Town Watch
33:15 Wheelbarrow
36:07 Imperial Age
34:53 Hand Cart
35:00 Great Wall
35:15 Fortified Wall
35:26 Ballistics
35:13 Caravan
35:28 Pikeman
36:10 Squires
36:33 Scale Mail Armor
36:34 Padded Archer Armor
36:25 Halberdier
37:31 Conscription
36:33 Heavy Scorpion
38:28 Two-Man Saw
41:21 Chain Mail Armor
41:10 Arson
41:32 Guard Tower
44:33 Bracer
44:52 Leather Archer Armor
46:16 Elite Skirmisher
46:21 Heavy Rocket Cart
47:45 Plate Mail Armor
49:17 Long Swordsman
50:42 Two-Handed Swordsman
51:42 Stone Mining
51:23 Two-Handed Swordsman
52:11 Capped Ram
52:35 Champion
53:43 Forging
55:09 Siege Ram
Adar
11:56 Feudal Age
16:54 Castle Age
14:59 Double-Bit Axe
15:03 Horse Collar
15:17 Fishing Lines
20:51 Bow Saw
23:22 Wheelbarrow
22:34 Loom
22:50 Heavy Plow
25:51 Hand Cart
25:44 Town Watch
27:11 Gold Mining
27:12 Stone Mining
28:27 Gold Shaft Mining
28:30 Scale Barding Armor
28:35 Forging
28:57 Detinets
31:58 Imperial Age
31:19 Chain Barding Armor
31:34 Iron Casting
31:11 Bloodlines
31:01 Husbandry
31:30 Caravan
32:00 Coinage
33:52 Crop Rotation
32:55 Elite Boyar
33:58 Conscription
34:16 Plate Barding Armor
34:41 Blast Furnace
35:24 Two-Man Saw
36:09 Ballistics
35:55 Siege Engineers
36:52 Chemistry
37:15 Heavy Scorpion
39:13 Onager
45:50 Fortified Wall
45:50 Masonry
47:00 Elite Skirmisher
47:35 Fletching
47:45 Padded Archer Armor
47:26 Light Cavalry
48:10 Hussar
49:12 Bodkin Arrow
49:32 Leather Archer Armor
54:19 Capped Ram
Connection lost

Rejoining the realm…

Still unreachable

The connection could not be restored.

Session expired

The server has moved on; the page needs a fresh start.